 Dungeon Crawl Stone Soup version 0.27-a0-1332-g84bddb5ca7 (webtiles) character file.

Game seed: 15453756606398960918

396 Brandom the Skirmisher (level 6, -12/50 HPs)
             Began as a Demonspawn Delver on June 25, 2021.
             Was a Follower of Uskayaw.
             Mangled by a kobold brigand (17 damage)
             ... on level 4 of the Dungeon.
             The game lasted 00:14:22 (4145 turns).

Brandom the Skirmisher (Demonspawn Delver)          Turns: 4145, Time: 00:14:23

Health: -12/50     AC:  8    Str: 14    XL:     6   Next: 52%
Magic:  0/6        EV: 12    Int: 12    God:    Uskayaw [*.....]
Gold:   143        SH:  0    Dex: 14    Spells: 5/5 levels left

rFire    . . .     SeeInvis .   x - +5 falchion
rCold    . . .     Faith    .   (no shield)
rNeg     . . .     Spirit   .   b - +0 leather armour
rPois    .         Reflect  .   E - +0 helmet
rElec    .         Harm     .   t - +0 cloak
rCorr    .         Rampage  .   A - +0 pair of gloves
Will     .....                  (no boots)
Stlth    ++........             (no amulet)
HPRegen  0.16/turn              (no ring)
MPRegen  0.10/turn              (no ring)

@: lethally poisoned (-12 -> -13)
A: talons 1, thin metallic scales 1, powered by pain 1
a: Renounce Religion, Stomp


You were on level 4 of the Dungeon.
You worshipped Uskayaw.
Uskayaw was noncommittal.
You visited 1 branch of the dungeon, and saw 5 of its levels.

You collected 143 gold pieces.

Inventory:

Hand Weapons
 a - a +0 falchion
 h - a +0 scimitar
   (You found it on level 4 of the Dungeon)
 x - a +5 falchion (weapon)
   (You took it off a wight on level 3 of the Dungeon)
Missiles
 p - 7 boomerangs (quivered)
 B - a throwing net {!f}
Armour
 b - a +0 leather armour (worn)
 t - a +0 cloak (worn)
   (You found it on level 2 of the Dungeon)
 A - a +0 pair of gloves (worn)
   (You found it on level 3 of the Dungeon)
 E - a +0 helmet (worn)
   (You found it on level 3 of the Dungeon)
Jewellery
 l - a ring of ice
   (You found it on level 2 of the Dungeon)
Wands
 u - a wand of paralysis (1)
   (You took it off Ijyb on level 3 of the Dungeon)
 v - a wand of digging (3)
Scrolls
 c - 2 scrolls of fog
 d - a scroll of magic mapping
 e - a scroll of fear
 i - a scroll of teleportation {unknown}
 k - a scroll of holy word {unknown}
 n - 5 scrolls of identify {unknown}
 o - a scroll of amnesia {unknown}
 q - a scroll of vulnerability {unknown}
 C - a scroll of noise {unknown}
 D - a scroll of summoning {unknown}
Potions
 f - a potion of haste {@q3}
 g - a potion of ambrosia {unknown}
 j - 2 potions of flight {unknown}
 m - 3 potions of heal wounds {unknown}
 r - a potion of might {unknown}
 s - a potion of brilliance {unknown}
 w - a potion of lignification {unknown}
 y - a potion of resistance {unknown}
 z - a potion of degeneration {unknown}
 F - a potion of mutation {unknown}
 G - a potion of curing {unknown}


   Skills:
 * Level 4.9 Fighting
 * Level 3.9 Long Blades
 + Level 2.1 Armour
 + Level 2.9 Dodging
 - Level 4.5 Stealth
 + Level 1.0 Invocations


You had 5 spell levels left.
You didn't know any spells.
Your spell library was empty.

Dungeon Overview and Level Annotations

Branches:
Dungeon (5/15)
 Temple: D:4-7

Altars:
Ashenzari
Fedhas
Uskayaw

Shops:
D:2 *   D:4 **


Innate Abilities, Weirdness & Mutations

You have sharp toenails.
You are partially covered in thin metallic scales. (AC +2)
You sometimes gain a little power by taking damage.


Message History

The kobold brigand barely misses you.
You riposte.
You hit the kobold brigand. You claw the kobold brigand.
Unknown command.
You hit the kobold brigand.
You claw the kobold brigand, but do no damage.
The kobold brigand closely misses you. The scorpion stings you.
You are poisoned.
The scorpion poisons you!
You hit the kobold brigand.
You feel very sick.
The kobold brigand hits you but does no damage.
The scorpion stings you.
* * * LOW HITPOINT WARNING * * *
The kobold brigand hits you but does no damage.
Unknown command.
You stomp with the beat, sending a shockwave through the revellers around you!
You can no longer stomp with the beat.
You feel sick. The scorpion barely misses you.
The kobold brigand closely misses you.
You can now stomp with the beat.
You stomp with the beat, sending a shockwave through the revellers around you!
You can no longer stomp with the beat.
You feel sick.
The scorpion stings you but does no damage. x2
The kobold brigand hits you with a +1 dagger of electrocution!
* * * LOW HITPOINT WARNING * * *
You can now stomp with the beat.
Unknown command.
You hit the scorpion but do no damage.
You feel sick. The scorpion closely misses you.
The kobold brigand closely misses you.
Unknown command.
You hit the scorpion but do no damage. Your kick misses the scorpion.
You feel sick. The scorpion barely misses you.
The kobold brigand barely misses you.
Unknown command.
You barely miss the scorpion. You claw the scorpion.
You feel sick. The scorpion closely misses you.
You riposte.
You hit the scorpion but do no damage. The kobold brigand closely misses you.
The scorpion barely misses you.
Unknown command.
You closely miss the scorpion.
You feel sick. The kobold brigand barely misses you.
The scorpion stings you but does no damage.
Unknown command.
You hit the scorpion.
You kill the scorpion!
You feel sick.
The kobold brigand hits you but does no damage.
You are electrocuted!
You die...

#.#.#.#####.#
#...........# .#
###.##.######
.#####.######### #.##..#
#...........$..$# #.###.#
......#..###.###.######.#
#.# #.....# #.#
#..).....# #.# #.....#
#.###.K#####.# #.#
......# #...)@.......#
#.# ...####
#####†.####### #.# ...#_+
#..# #.# ...#### #..# #.#
......# ..># #.# ......#
#.#######.# #.# ......#
#.........#########.#
###...#
#####....(..........#
##.## #.###############


You could see a kobold brigand.

Vanquished Creatures
  Sigmund (D:3)
  A scorpion (D:4)
  A wight (D:3)
  An orc priest (D:2)
  Ijyb (D:3)
  An orc wizard (D:2)
  3 gnolls (D:3)
  An adder (D:4)
  A worm (D:2)
  4 dart slugs
  5 orcs
  5 bats (D:2)
  13 endoplasms
  2 giant cockroaches
  6 goblins
  6 hobgoblins
  4 jackals (D:4)
  8 kobolds
  3 quokkas
  7 ball pythons
  3 frilled lizards
  8 rats
85 creatures vanquished.

Vanquished Creatures (others)
  3 plants (D:2)
  2 withered plants (D:2)
5 creatures vanquished.

Grand Total: 90 creatures vanquished

Notes
Turn   | Place    | Note
-------+----------+-------------------------------------------
     0 | D:5      | Brandom the Demonspawn Delver began the quest for the Orb.
     0 | D:5      | Reached XP level 1. HP: 18/18 MP: 1/1
    30 | D:4      | Found a broken altar of Ashenzari.
   214 | D:4      | Found Ebouw's Specific Store.
   214 | D:4      | Found Cowig's General Store.
   224 | D:4      | Gained mutation: You have sharp toenails. [demonic
                  | ancestry]
   224 | D:4      | Reached XP level 2. HP: 24/24 MP: 2/2
   244 | D:4      | Noticed a phantom
   542 | D:2      | Reached XP level 3. HP: 25/29 MP: 3/3
   597 | D:2      | Found a faded altar of an unknown god.
   631 | D:2      | Became a worshipper of Uskayaw the Reveller
   631 | D:2      | Reached * piety under Uskayaw
   681 | D:2      | Reached ** piety under Uskayaw
  1061 | D:1      | Reached skill level 1 in Armour
  1946 | D:2      | Gained mutation: You sometimes gain a little power by
                  | taking damage. [demonic ancestry]
  1946 | D:2      | Reached XP level 4. HP: 23/37 MP: 4/4
  2306 | D:2      | Reached *** piety under Uskayaw
  2514 | D:2      | Found Ekuza's Assorted Antiques.
  2669 | D:3      | Noticed Sigmund
  2675 | D:3      | Killed Sigmund
  2676 | D:3      | Reached XP level 5. HP: 40/43 MP: 5/5
  2676 | D:3      | Gained mutation: You are partially covered in thin metallic
                  | scales. (AC +2) [demonic ancestry]
  2676 | D:3      | Reached XP level 6. HP: 45/49 MP: 6/6
  3039 | D:3      | Noticed Ijyb
  3043 | D:3      | Paralysed by Ijyb for 6 turns
  3054 | D:3      | Killed Ijyb
  3127 | D:3      | Reached skill level 1 in Invocations
  3632 | D:3      | Found a blossoming altar of Fedhas.
  4145 | D:4      | Mangled by a kobold brigand

Illustrated notes

Levels and vault maps discovered:
D:1:      minmay_arrival_up_and_down, layout_basic, minmay_heptomino_w4
D:2:      layout_loops_ring, serial_shops, shop,
          shapermc_ecumenical_altar_flowoftime, minmay_indecisive_spiral
D:3:      minmay_recursive_quarters, layout_basic, fedhas_ov_isle_minmay,
          uniq_sigmund, uniq_ijyb
D:4:      layout_loops_ring, ashenzari_conservatory_becter,
          nicolae_specific_store
D:5:      layout_basic, amcnicky_altar_gilded, minmay_chambers_of_fives

Skill      XL: |  1  2  3  4  5  6 |
---------------+-------------------+-----
Long Blades    | 2 3 |  3.9
Dodging        | 2 |  2.9
Armour         | 1 2 |  2.1
Fighting       | 4 |  4.9
Invocations    | 1 |  1.0
Stealth        | |  4.5

Action                   |  1- 3 |  4- 6 || total
-------------------------+-------+-------++-------
Melee: Falchion          |    16 |    45 ||    61
       Scimitar          |    95 |    59 ||   154
       Kick              |    37 |    30 ||    67
Invok: Stomp             |       |     2 ||     2
 Stab: Sleeping          |     7 |     3 ||    10
       Paralysed         |       |     2 ||     2
Armor: Leather armour    |    22 |    40 ||    62
Dodge: Dodged            |    67 |    65 ||   132
       Rpst.: Falchion   |     7 |     9 ||    16
       Scimitar          |    16 |     7 ||    23

Table legend: (Time is in decaauts)
 A = Elapsed time spent in this place.
 B = Non-inter-level travel time spent in this place.
 C = Inter-level travel time spent in this place.
 D = Time resting spent in this place.
 E = Time spent auto-exploring this place.
 F = Levels seen in this place.
 G = Mean time per level.
                   A        B        C        D        E       F      G
               +--------+--------+--------+--------+--------+-----+--------+
         Total |   4196 |   3998 |    198 |    267 |   2943 |   5 |  839.2 |
       Dungeon |   4196 |   3998 |    198 |    267 |   2943 |   5 |  839.2 |
               +--------+--------+--------+--------+--------+-----+--------+

Top non-repeatable levels by time:
     D:3: 1484 daAuts
     D:2: 1253 daAuts
     D:1: 1071 daAuts
     D:4: 359 daAuts
     D:5: 27 daAuts
